 Dungeon Crawl Stone Soup version 0.23.2-1-ga50397a6bc (webtiles) character file.

Game seed: 1070330050117910672

330 Foic the Sneak (level 6, -3/30 HPs)
             Began as a Vine Stalker Assassin on May 21, 2019.
             Slain by an ogre
             ... wielding a +0 giant club
              (18 damage)
             ... on level 5 of the Dungeon.
             The game lasted 00:11:15 (3447 turns).

Foic the Sneak (Vine Stalker Assassin)              Turns: 3447, Time: 00:11:16

Health: -3/30      AC:  4    Str: 13    XL:     6   Next: 51%
Magic:  0/7        EV: 13    Int: 11    God:
Gold:   265        SH:  0    Dex: 18    Spells: 5/5 levels left

rFire    . . .     SeeInvis .   a - +2 dagger
rCold    . . .     Gourm    .   (no shield)
rNeg     . . .     Faith    .   c - +0 robe
rPois    .         Spirit   +   (no helmet)
rElec    .         Reflect  .   d - +0 cloak
rCorr    .         Harm     .   m - +0 pair of gloves
MR       .....                  (no boots)
Stlth    ++++......             (no amulet)
HPRegen  0.50/turn              (no ring)
MPRegen  0.10/turn              (no ring)

@: no status effects
A: fangs 2, regeneration 1, magic shield, antimagic bite, no potion heal 3, rot
immunity
a: no special abilities


You were on level 5 of the Dungeon.
You were not hungry.

You visited 2 branches of the dungeon, and saw 6 of its levels.

You collected 265 gold pieces.

Inventory:

Hand Weapons
 a - a +2 dagger (weapon)
 b - a +0 blowgun
Missiles
 e - 8 poisoned needles
 f - 2 curare-tipped needles
 k - 150 stones (quivered)
Armour
 c - a +0 robe (worn)
 d - a +0 cloak (worn)
 m - a +0 pair of gloves (worn)
 y - a +0 leather armour
Jewellery
 n - an uncursed ring of flight
Scrolls
 h - a scroll of teleportation {unknown}
 l - 2 scrolls of identify
 o - a scroll of blinking {unknown}
 q - a scroll of fog {unknown}
 r - a scroll of amnesia {unknown}
 s - a scroll of remove curse
 v - a scroll of magic mapping {unknown}
 x - 3 scrolls of enchant weapon {unknown}
 A - a scroll of immolation {unknown}
Potions
 i - a potion of resistance {unknown}
 j - a potion of berserk rage {unknown}
 p - 3 potions of degeneration {unknown}
 t - a potion of ambrosia {unknown}
 u - 2 potions of curing {unknown}
 w - a potion of brilliance {unknown}
 z - a potion of flight {unknown}
 B - a potion of agility {unknown}
Comestibles
 g - 11 rations


   Skills:
 + Level 2.1 Fighting
 * Level 3.1 Short Blades
 + Level 1.7 Throwing
 * Level 2.4 Dodging
 * Level 7.7 Stealth


You had 5 spell levels left.
You didn't know any spells.
Your spell library was empty.

Dungeon Overview and Level Annotations

Branches:
Dungeon (5/15)             Temple (1/1) D:4

Altars:
Ashenzari
Elyvilon
Fedhas
Gozag
Hepliaklqana
Makhleb
Nemelex Xobeh
Okawaru
Qazlal
Ru
Sif Muna
Trog
Vehumet
Wu Jian
Yredelemnul
Zin
The Shining One

Annotations:
D:4 2 runed translucent doors, Menchi's ghost, amateur MiFi


Innate Abilities, Weirdness & Mutations

You have extremely sharp teeth.
Your natural rate of healing is unusually fast.
When hurt, damage is shared between your health and your magic reserves.
Your bite disrupts and absorbs the magic of your enemies.
Potions cannot restore your health.
You are immune to rotting.


Message History

The ogre is lightly wounded.
The orc wizard mumbles some strange words.
The orc wizard blinks!
You hit the ogre. You bite the ogre. You drain its power.
The ogre is moderately wounded.
The ogre hits you with a +0 giant club!
You hit the ogre.
The ogre is moderately wounded.
The ogre hits you with a +0 giant club!
* * * LOW HITPOINT WARNING * * *
The howler monkey hoots and howls with incredible vigour!
You hear a shout! x4; You hear a bark!
You hear an angry hiss.
The howler monkey hoots and howls with incredible vigour!
You hear a shout!
The orc wizard gestures wildly while chanting.
The orc wizard blinks!
There is a stone staircase leading up here.
The ogre hits you with a +0 giant club!!
Ouch! That really hurt!
You die...

#....###.
##o###....
###..# #.##.
#...## #....
#.### ####.
#.# #.
#######.# #.
#.O..h..#
######@#######
#......#######
#.............
#.......######
#.....###
#######


You could see an ogre and a howler monkey.

Vanquished Creatures
  A scorpion (D:4)
  A crimson imp (D:4)
  A centaur skeleton (D:4)
  Natasha (twice) (D:2)
  A worker ant (D:4)
  5 adders
  4 worms (D:2)
  3 dart slugs (D:1)
  6 orcs
  8 bats
  4 giant cockroaches
  5 goblins
  9 hobgoblins
  10 jackals
  5 quokkas
  4 frilled lizards
  4 kobolds
  12 rats
85 creatures vanquished.

Notes
Turn   | Place    | Note
-------+----------+-------------------------------------------
     0 | D:1      | Foic the Vine Stalker Assassin began the quest for the Orb.
     0 | D:1      | Reached XP level 1. HP: 11/11 MP: 2/2
    23 | D:1      | Reached skill level 1 in Dodging
    49 | D:1      | Reached skill level 5 in Stealth
   142 | D:1      | Reached XP level 2. HP: 15/15 MP: 3/3
   738 | D:1      | Reached XP level 3. HP: 16/18 MP: 4/4
  1094 | D:2      | Reached skill level 6 in Stealth
  1474 | D:2      | Noticed Natasha
  1479 | D:2      | Killed Natasha
  1479 | D:2      | Gained mutation: Your natural rate of healing is unusually
                  | fast. [Vine Stalker growth]
  1479 | D:2      | Reached XP level 4. HP: 23/23 MP: 5/5
  1591 | D:2      | Found a burning altar of Makhleb.
  1738 | D:2      | Found a faded altar of an unknown god.
  1760 | D:2      | Noticed Natasha
  1770 | D:2      | Killed Natasha
  1770 | D:2      | Reached XP level 5. HP: 17/26 MP: 3/6
  2097 | D:3      | Reached skill level 7 in Stealth
  2878 | D:4      | Reached XP level 6. HP: 28/30 MP: 4/7
  2904 | D:4      | Found a runed translucent door.
  2909 | D:4      | Noticed Menchi's ghost (amateur MiFi)
  3089 | D:4      | Found a basalt altar of Yredelemnul.
  3153 | D:4      | Found a white marble altar of Elyvilon.
  3156 | D:4      | Found a glowing silver altar of Zin.
  3156 | D:4      | Found an iron altar of Okawaru.
  3180 | D:4      | Found a runed translucent door.
  3234 | D:4      | Found a staircase to the Ecumenical Temple.
  3245 | Temple   | Entered the Ecumenical Temple
  3381 | D:5      | Entered Level 5 of the Dungeon
  3447 | D:5      | Slain by an ogre

Skill      XL: |  1  2  3  4  5  6 |
---------------+-------------------+-----
Dodging        | 1 2 |  2.4
Stealth        | 5 6 7 |  7.7
Short Blades   | 2 3 |  3.1
Fighting       | 2 |  2.1
Throwing       | |  1.7

Action                   |  1- 3 |  4- 6 || total
-------------------------+-------+-------++-------
Melee: Dagger            |    94 |   171 ||   265
       Bite              |    29 |    41 ||    70
 Fire: Blowgun           |       |     3 ||     3
  Use: Scroll            |     2 |       ||     2
 Stab: Sleeping          |     9 |    16 ||    25
       Distracted        |       |     1 ||     1
  Eat: Chunk             |     2 |     6 ||     8
Armor: Robe              |    22 |    35 ||    57
Dodge: Dodged            |    51 |    78 ||   129
